SAA
RICHLAND RAILS @ DURHAM RAPIERS
07/18/2028
 
TOP OF THE 1ST
Richland Rails batting - Pitching for Durham Rapiers : RHP Christian Harris
Pitching: RHP Christian Harris
Batting: LHB Orlando Casillas 0-0: Ground out 3-1 (Groundball, 34)
Batting: RHB Alexandre Keeping 0-0: Fly out, F9 (Flyball, 9LM)
Batting: LHB Jérôme Masson 0-0: Fly out, F9 (Flyball, 9S)
Top of the 1st over - 0 run(s), 0 hit(s), 0 error(s), 0 left on base; Richland 0 - Durham 0
BOTTOM OF THE 1ST
Durham Rapiers batting - Pitching for Richland Rails : RHP Gary Kellenberger
Pitching: RHP Gary Kellenberger
Batting: RHB Tomás Duarte 0-0: Ball
1-0: Called Strike
1-1: Foul Ball, location: 2F
1-2: Strikes out swinging
Batting: RHB Tomás Costello 0-0: Foul Ball, location: 2F
0-1: Foul Ball, location: 2F
0-2: Foul Ball, location: 2F
0-2: Reached on error, E6 (Groundball, 6S)
Batting: RHB Guillermo Mata 0-0: Swinging Strike
0-1: Foul Ball, location: 2F
0-2: Strikes out looking
Batting: RHB Vincent Klein 0-0: Ball
1-0: Swinging Strike
1-1: Ball
2-1: Ground out 5-3 (Groundball, 56S)
Bottom of the 1st over - 0 run(s), 0 hit(s), 1 error(s), 1 left on base; Richland 0 - Durham 0
TOP OF THE 2ND
Richland Rails batting - Pitching for Durham Rapiers : RHP Christian Harris
Batting: RHB Scott Ramsey 0-0: Fly out, F7 (Flyball, 78D)
Batting: SHB Félix Medina 0-0: Ball
1-0: Ball
2-0: Called Strike
2-1: Swinging Strike
2-2: Ball
3-2: Foul Ball, location: 2F
3-2: Base on Balls
Batting: RHB Christian Gentry 0-0: Called Strike
0-1: Foul Ball, location: 2F
0-2: Hit by Pitch
Félix Medina to second
Batting: LHB Mike Gillespie 0-0: Called Strike
0-1: Swinging Strike
0-2: Fly out, F7 (Flyball, 78S)
Batting: SHB Jorge Colón 0-0: Called Strike
0-1: SINGLE (Line Drive, 8LS)
Félix Medina to third
Christian Gentry to second
Runner from 3rd tries for Home, SAFE, no throw
Batting: LHB Armando Peña 0-0: Called Strike
0-1: Ball
1-1: Ball
2-1: Foul Ball, location: 2F
2-2: Ball
3-2: SINGLE (Line Drive, 9S)
Christian Gentry to third
Jorge Colón to second
Christian Gentry scores
Jorge Colón to third
Batting: LHB Orlando Casillas Balk!
Jorge Colón scores
Armando Peña to second
0-0: Ball
1-0: Fly out, F8 (Flyball, 8RM)
Top of the 2nd over - 3 run(s), 2 hit(s), 0 error(s), 1 left on base; Richland 3 - Durham 0
BOTTOM OF THE 2ND
Durham Rapiers batting - Pitching for Richland Rails : RHP Gary Kellenberger
Batting: LHB Alberto Garza 0-0: Called Strike
0-1: Ball
1-1: Foul Ball, location: 2F
1-2: Ground out 5-3 (Groundball, 5)
Batting: RHB Dave Sienna 0-0: Swinging Strike
0-1: Ball
1-1: Swinging Strike
1-2: Foul Ball, location: 2F
1-2: Strikes out swinging
Batting: RHB António Díaz 0-0: Ball
1-0: Called Strike
1-1: Called Strike
1-2: Ball
2-2: Foul Ball, location: 2F
2-2: Strikes out swinging
Bottom of the 2nd over - 0 run(s), 0 hit(s), 0 error(s), 0 left on base; Richland 3 - Durham 0
TOP OF THE 3RD
Richland Rails batting - Pitching for Durham Rapiers : RHP Christian Harris
Batting: RHB Alexandre Keeping 0-0: Called Strike
0-1: Ball
1-1: Ball
2-1: Foul Ball, location: 2F
2-2: SINGLE (Line Drive, 7S)
Batting: LHB Jérôme Masson 0-0: Called Strike
0-1: SINGLE (Groundball, 56D)
Alexandre Keeping to second
Batting: RHB Scott Ramsey 0-0: Called Strike
0-1: Ball
1-1: Ball
2-1: Ball
3-1: Base on Balls
Alexandre Keeping to third
Jérôme Masson to second
Batting: SHB Félix Medina 0-0: Ball
1-0: Called Strike
1-1: Called Strike
1-2: Strikes out swinging
Batting: RHB Christian Gentry 0-0: Foul Ball, location: 2F
0-1: Ball
1-1: Fly out, F9 (Flyball, 9LM)
Runner from 3rd tags up, SCORES, throw made
Batting: LHB Mike Gillespie 0-0: Foul Ball, location: 2F
0-1: Ball
1-1: Ball
2-1: Fly out, F7 (Flyball, 7LM)
Top of the 3rd over - 1 run(s), 2 hit(s), 0 error(s), 2 left on base; Richland 4 - Durham 0
BOTTOM OF THE 3RD
Durham Rapiers batting - Pitching for Richland Rails : RHP Gary Kellenberger
Batting: SHB Carlos Chávez 0-0: Foul Ball, location: 2F
0-1: Fly out, F7 (Flyball, 78M)
Batting: RHB Júlio Gonzáles 0-0: Ball
1-0: Ball
2-0: Called Strike
2-1: SINGLE (Groundball, 4MD)
Batting: RHB Tomás Duarte 0-0: SINGLE (Line Drive, 6M)
Júlio Gonzáles to second
Batting: RHB Tomás Costello 0-0: Called Strike
0-1: Ball
1-1: Fly out, F8 (Flyball, 8RS)
Batting: RHB Guillermo Mata 0-0: Ball
1-0: Foul Ball, location: 2F
1-1: Foul Ball, location: 2F
1-2: Ball
2-2: Ball
3-2: Strikes out looking
Bottom of the 3rd over - 0 run(s), 2 hit(s), 0 error(s), 2 left on base; Richland 4 - Durham 0
TOP OF THE 4TH
Richland Rails batting - Pitching for Durham Rapiers : RHP Christian Harris
Batting: SHB Jorge Colón 0-0: Ball
1-0: Foul Ball, location: 2F
1-1: Reached on error, E1 (Line Drive, 13)
Batting: LHB Armando Peña 0-0: Ball
1-0: Foul Ball, location: 2F
1-1: Ball
2-1: SINGLE (Flyball, 6MD)
Jorge Colón to second
Batting: LHB Orlando Casillas 0-0: Ball
1-0: Ball
2-0: Called Strike
2-1: Foul Ball, location: 2F
2-2: Ball
3-2: Base on Balls
Jorge Colón to third
Armando Peña to second
Batting: RHB Alexandre Keeping 0-0: Foul Ball, location: 2F
0-1: Foul Ball, location: 2F
0-2: Ball
1-2: SINGLE (Line Drive, 56D)
Jorge Colón scores
Armando Peña to third
Orlando Casillas to second
Runner from 3rd tries for Home, SAFE, throw made at trailing runner, SAFE at third!
Batting: LHB Jérôme Masson 0-0: Called Strike
0-1: Foul Ball, location: 2F
0-2: Strikes out looking
Batting: RHB Scott Ramsey 0-0: Called Strike
Alexandre Keeping steals 2nd base
0-1: Ball
1-1: Called Strike
1-2: Foul Ball, location: 2F
1-2: Ball
2-2: 3-RUN HOME RUN (Flyball, 7D), Distance : 384 ft
Pitching: RHP Javier Hernández
Batting: SHB Félix Medina 0-0: Foul Ball, location: 2F
0-1: Foul Ball, location: 2F
0-2: Foul Ball, location: 2F
0-2: Foul Ball, location: 2F
0-2: Ground out 6-3 (Groundball, 6D)
Batting: RHB Christian Gentry 0-0: Ball
1-0: Swinging Strike
1-1: Ball
2-1: SINGLE (Groundball, 56D)
Batting: LHB Mike Gillespie 0-0: Called Strike
Christian Gentry is caught stealing 2nd base
Top of the 4th over - 5 run(s), 4 hit(s), 1 error(s), 0 left on base; Richland 9 - Durham 0
BOTTOM OF THE 4TH
Durham Rapiers batting - Pitching for Richland Rails : RHP Gary Kellenberger
Batting: RHB Vincent Klein 0-0: Called Strike
0-1: Fly out, F7 (Flyball, 78M)
Batting: LHB Alberto Garza 0-0: Fly out, F3 (Popup, 34)
Batting: RHB Dave Sienna 0-0: Ball
1-0: Fly out, F7 (Flyball, 78S)
Bottom of the 4th over - 0 run(s), 0 hit(s), 0 error(s), 0 left on base; Richland 9 - Durham 0
TOP OF THE 5TH
Richland Rails batting - Pitching for Durham Rapiers : RHP Javier Hernández
Batting: LHB Mike Gillespie 0-0: Called Strike
0-1: Foul Ball, location: 2F
0-2: Strikes out looking
Batting: SHB Jorge Colón 0-0: Ball
1-0: Foul Ball, location: 2F
1-1: Swinging Strike
1-2: Foul Ball, location: 2F
1-2: Foul Ball, location: 2F
1-2: Foul Ball, location: 2F
1-2: Strikes out looking
Batting: LHB Armando Peña 0-0: Ball
1-0: SINGLE (Line Drive, 78M)
Batting: LHB Orlando Casillas 0-0: Called Strike
0-1: Ball
Throwing error on steal attempt, E2
Armando Peña to third
1-1: Ball
2-1: Ball
Wild Pitch!
Armando Peña scores
3-1: Base on Balls
Batting: RHB Alexandre Keeping 0-0: Ground out 5-3 (Groundball, 56)
Top of the 5th over - 1 run(s), 1 hit(s), 1 error(s), 1 left on base; Richland 10 - Durham 0
BOTTOM OF THE 5TH
Durham Rapiers batting - Pitching for Richland Rails : RHP Gary Kellenberger
Batting: RHB António Díaz 0-0: Ball
1-0: Foul Ball, location: 2F
1-1: Swinging Strike
1-2: Foul Ball, location: 2F
1-2: DOUBLE (Line Drive, 89M)
Batting: SHB Carlos Chávez 0-0: Called Strike
0-1: Swinging Strike
0-2: Ball
1-2: Strikes out swinging
Batting: RHB Júlio Gonzáles 0-0: Called Strike
0-1: Ball
António Díaz steals 3rd base
1-1: Foul Ball, location: 2F
1-2: Strikes out swinging
Batting: RHB Tomás Duarte 0-0: Ball
1-0: Fly out, F8 (Flyball, 8LD)
Bottom of the 5th over - 0 run(s), 1 hit(s), 0 error(s), 1 left on base; Richland 10 - Durham 0
TOP OF THE 6TH
Richland Rails batting - Pitching for Durham Rapiers : RHP Javier Hernández
Batting: LHB Jérôme Masson 0-0: Ball
1-0: Foul Ball, location: 2F
1-1: Ball
2-1: SINGLE (Groundball, 4MD)
Batting: RHB Scott Ramsey 0-0: Ball
1-0: Ball
2-0: Called Strike
2-1: Ball
3-1: Base on Balls
Jérôme Masson to second
Batting: SHB Félix Medina 0-0: Called Strike
0-1: Foul Ball, location: 2F
0-2: Foul Ball, location: 2F
0-2: Fly out, F8 (Flyball, 8LD)
Runner from 2nd tags up, SAFE at 3rd, no throw
Batting: RHB Christian Gentry 0-0: Ball
1-0: Swinging Strike
1-1: Foul Ball, location: 2F
1-2: Grounds into double play, 4-6-3 (Groundball, 4)
Top of the 6th over - 0 run(s), 1 hit(s), 0 error(s), 1 left on base; Richland 10 - Durham 0
BOTTOM OF THE 6TH
Durham Rapiers batting - Pitching for Richland Rails : RHP Gary Kellenberger
Batting: RHB Tomás Costello 0-0: Ball
1-0: Ball
2-0: Ball
3-0: Called Strike
3-1: Foul Ball, location: 2F
3-2: Fly out, F8 (Flyball, 8RD)
Batting: RHB Guillermo Mata 0-0: Swinging Strike
0-1: Called Strike
0-2: Ball
1-2: Ground out 6-3 (Groundball, 6)
Batting: RHB Vincent Klein 0-0: Called Strike
0-1: Ground out 4-3 (Groundball, 4S)
Bottom of the 6th over - 0 run(s), 0 hit(s), 0 error(s), 0 left on base; Richland 10 - Durham 0
TOP OF THE 7TH
Richland Rails batting - Pitching for Durham Rapiers : RHP Javier Hernández
Batting: LHB Mike Gillespie 0-0: Called Strike
0-1: Foul Ball, location: 2F
0-2: Strikes out swinging
Batting: SHB Jorge Colón 0-0: SOLO HOME RUN (Flyball, 7D), Distance : 378 ft
Batting: LHB Armando Peña 0-0: Foul Ball, location: 2F
0-1: Ground out 1-3 (Groundball, 13S)
Batting: LHB Orlando Casillas 0-0: Swinging Strike
0-1: Ball
1-1: Swinging Strike
1-2: Strikes out swinging
Top of the 7th over - 1 run(s), 1 hit(s), 0 error(s), 0 left on base; Richland 11 - Durham 0
BOTTOM OF THE 7TH
Durham Rapiers batting - Pitching for Richland Rails : RHP Gary Kellenberger
Batting: LHB Alberto Garza 0-0: Ball
1-0: Ball
2-0: Called Strike
2-1: Foul Ball, location: 2F
2-2: Ball
3-2: SINGLE (Flyball, 78S)
Batting: RHB Dave Sienna 0-0: Foul Ball, location: 2F
0-1: SINGLE (Groundball, 6D)
Alberto Garza to second
Batting: RHB António Díaz 0-0: Called Strike
0-1: Called Strike
0-2: Strikes out swinging
Batting: SHB Carlos Chávez 0-0: Ball
1-0: Fielders Choice at 2nd, 5-4 (Groundball, 56)
Alberto Garza to third
Batting: RHB Júlio Gonzáles 0-0: Called Strike
0-1: Foul Ball, location: 2F
0-2: Ball
Carlos Chávez steals 2nd base
1-2: Ball
2-2: Ball
3-2: Foul Ball, location: 2F
3-2: Strikes out swinging
Bottom of the 7th over - 0 run(s), 2 hit(s), 0 error(s), 2 left on base; Richland 11 - Durham 0
TOP OF THE 8TH
Richland Rails batting - Pitching for Durham Rapiers : RHP Javier Hernández
Pitching: RHP Cecil Beijeman
Batting: RHB Alexandre Keeping 0-0: Fly out, F7 (Flyball, 7)
Batting: LHB Jérôme Masson 0-0: Ball
1-0: Foul Ball, location: 2F
1-1: Called Strike
1-2: Strikes out swinging
Batting: RHB Scott Ramsey 0-0: Ball
1-0: SOLO HOME RUN (Flyball, 78XD), Distance : 430 ft
Batting: SHB Félix Medina 0-0: Ground out 1-3 (Groundball, P)
Top of the 8th over - 1 run(s), 1 hit(s), 0 error(s), 0 left on base; Richland 12 - Durham 0
BOTTOM OF THE 8TH
Durham Rapiers batting - Pitching for Richland Rails : RHP Gary Kellenberger
Pitching: LHP Matt Crowley
Now in RF: Miguel Luna
Batting: RHB Tomás Duarte 0-0: Foul Ball, location: 2F
0-1: Foul Ball, location: 2F
0-2: Foul Ball, location: 2F
0-2: Ball
1-2: SINGLE (Groundball, 6MD)
Batting: RHB Tomás Costello
Pinch Hitting: RHB Jules Winnfield 0-0: Ball
1-0: Called Strike
1-1: Ball
2-1: Ball
3-1: Fly out, F7 (Flyball, 7)
Batting: RHB Guillermo Mata 0-0: SINGLE (Line Drive, 56D)
Tomás Duarte to second
Batting: RHB Vincent Klein 0-0: Called Strike
0-1: Ball
Wild Pitch!
Tomás Duarte to third
Guillermo Mata to second
1-1: Foul Ball, location: 2F
1-2: Ball
2-2: 3-RUN HOME RUN (Flyball, 9LD), Distance : 363 ft
Batting: LHB Alberto Garza 0-0: Ground out 3-1 (Groundball, 34)
Batting: RHB Dave Sienna 0-0: Ball
1-0: Ball
2-0: Fly out, F6 (Line Drive, 6M)
Bottom of the 8th over - 3 run(s), 3 hit(s), 0 error(s), 0 left on base; Richland 12 - Durham 3
TOP OF THE 9TH
Richland Rails batting - Pitching for Durham Rapiers : RHP Cecil Beijeman
Now at SS: Jules Winnfield
Batting: RHB Christian Gentry 0-0: Ball
1-0: Ball
2-0: Swinging Strike
2-1: Called Strike
2-2: Strikes out swinging
Batting: LHB Mike Gillespie 0-0: Foul Ball, location: 2F
0-1: Ball
1-1: SINGLE (Line Drive, 3D)
Batting: SHB Jorge Colón 0-0: Ball
Mike Gillespie steals 2nd base
1-0: Ball
2-0: Foul Ball, location: 2F
2-1: Swinging Strike
2-2: Fly out, F7 (Flyball, 78S)
Batting: LHB Armando Peña 0-0: Swinging Strike
0-1: Called Strike
0-2: Ball
1-2: Strikes out looking
Top of the 9th over - 0 run(s), 1 hit(s), 0 error(s), 1 left on base; Richland 12 - Durham 3
BOTTOM OF THE 9TH
Durham Rapiers batting - Pitching for Richland Rails : LHP Matt Crowley
Now at C: Jonah Cooney
Now at 2B: Kazu Hishida
Batting: RHB António Díaz 0-0: Ball
1-0: Called Strike
1-1: Ground out 4-3 (Groundball, 4)
Batting: SHB Carlos Chávez 0-0: Foul Ball, location: 2F
0-1: Ball
1-1: Foul Ball, location: 2F
1-2: Strikes out swinging
Batting: RHB Júlio Gonzáles 0-0: Ball
1-0: Fly out, F6 (Popup, 6)
Bottom of the 9th over - 0 run(s), 0 hit(s), 0 error(s), 0 left on base; Richland 12 - Durham 3
Wednesday, August 16th, 2017 - OOTP Baseball 17.12 Build 75